 Dungeon Crawl Stone Soup version 0.22.1-2-g9c5b331 (webtiles) character file.

2425 whitewolfNL the Basher (level 9, -1/74 HPs)
             Began as a Minotaur Berserker on Nov 28, 2018.
             Was a Priest of Trog.
             Slain by Erica
             ... wielding a +1 scimitar of flaming
              (3 damage)
             ... on level 9 of the Dungeon.
             The game lasted 00:31:58 (6672 turns).

whitewolfNL the Basher (Minotaur Berserker)         Turns: 6672, Time: 00:31:59

Health: -1/74      AC: 16    Str: 21    XL:     9   Next: 24%
Magic:  10/10      EV: 16    Int:  5    God:    Trog [***...]
Gold:   296        SH:  0    Dex: 18    Spells: 8/8 levels left

rFire    + . .     SeeInvis .   l - +0 flail
rCold    . . .     Gourm    .   (no shield)
rNeg     + . .     Faith    .   y - +0 chain mail (curse)
rPois    .         Spirit   .   (helmet restricted)
rElec    .         Reflect  .   z - +2 cloak
rCorr    .         Harm     .   x - +1 pair of gloves
MR       .....                  (no boots)
Stlth    +.........             (no amulet)
HPRegen  0.22/turn              f - ring of positive energy
MPRegen  0.12/turn              k - ring of protection from fire

@: agile, lethally poisoned (-1 -> -7), berserk cooldown, slowed, very slow
A: retaliatory headbutt, horns 2
a: Berserk, Trog's Hand, Renounce Religion


You were on level 9 of the Dungeon.
You worshipped Trog.
Trog was most pleased with you.
You were not hungry.

You visited 2 branches of the dungeon, and saw 10 of its levels.

You collected 426 gold pieces.
You spent 130 gold pieces at shops.

Inventory:

Hand Weapons
 l - a +0 flail (weapon)
 H - a +0 flail
Missiles
 i - 82 sling bullets
 F - 23 arrows
Armour
 d - a +1 cloak
 e - a scarf of cloud immunity
 x - a +1 pair of gloves (worn)
 y - a cursed +0 chain mail (worn)
 z - a +2 cloak (worn)
 C - a +0 plate armour
Jewellery
 f - a ring of positive energy (left hand)
 k - a ring of protection from fire (right hand)
 m - a +2 ring of dexterity
 D - an uncursed ring of flight
Wands
 s - a wand of iceblast (9)
 B - a wand of clouds (4)
Scrolls
 b - a scroll of acquirement
 g - 2 scrolls of enchant armour
 h - 3 scrolls of magic mapping
 j - 5 scrolls of teleportation
 n - 4 scrolls of remove curse
 o - 2 scrolls of fear
 r - 3 scrolls of enchant weapon
 E - a scroll of blinking
 G - a scroll of fog {unknown}
Potions
 p - a potion of flight
 q - a potion of agility
 t - a potion of curing
 u - a potion of haste
 v - a potion of invisibility
 A - a potion of mutation {unknown}
Comestibles
 c - 7 rations


   Skills:
 + Level 5.5 Fighting
 * Level 10.0 Maces & Flails
 * Level 7.2 Armour
 * Level 5.0 Dodging
 * Level 3.6 Stealth
 * Level 3.0 Evocations


You had 8 spell levels left.
You didn't know any spells.
Your spell library was empty.

Dungeon Overview and Level Annotations

Branches:
Dungeon (9/15)             Temple (1/1) D:6
   Lair: D:8-11         Orc: D:9-12

Altars:
Ashenzari
Cheibriados
Elyvilon
Fedhas
Gozag
Hepliaklqana
Kikubaaqudgha
Makhleb
Nemelex Xobeh
Okawaru
Qazlal
Sif Muna
Trog
Uskayaw
Vehumet
Wu Jian
Zin
The Shining One

Shops:
D:4 *   D:7 (

Annotations:
D:9 Erica


Innate Abilities, Weirdness & Mutations

You reflexively headbutt those who attack you in melee.
You have a pair of horns on your head.


Message History

Something tries to affect you, but you resist.
You miss something.
You hear some strange, mumbled words.
Something tries to affect you, but you resist.
You hear some strange, mumbled words.
Something tries to affect you, but you resist.
You closely miss something. Something hits you but does no damage.
You barely miss something.
You hear some strange, mumbled words.
A bolt of poison appears from out of thin air!
The bolt of poison hits you!
You are poisoned.
* * * LOW HITPOINT WARNING * * *
You closely miss something.
* * * LOW HITPOINT WARNING * * *
You feel sick. Something hits you but does no damage.
It was a potion of magic.
Magic courses through your body.
* * * LOW HITPOINT WARNING * * *
You feel sick. Something hits you.
You die...

########################
...<.............(......
................@{...(..
#############..#########
#..# #..# #..# #..# #..#
...#


There were no monsters in sight!

Vanquished Creatures
  The ghost of buskinjo the Caller, a novice KoSu of Sif Muna (D:7)
  Eustachio (D:6)
  2 orc warriors
  An ice beast (D:6)
  2 necrophages
  3 ogres
  4 bullfrogs (D:6)
  A scorpion (D:5)
  A howler monkey (D:4)
  3 wights (D:7)
  3 crimson imps
  2 jellies
  4 hounds
  2 orc priests
  3 orc wizards
  3 worker ants
  An iguana (D:6)
  2 hound zombies (D:5)
  2 hound skeletons
  8 adders
  4 gnolls (D:3)
  An adder skeleton (D:5)
  An adder zombie (D:7)
  2 worms
  A dart slug (D:1)
  5 leopard geckos
  18 orcs
  2 giant cockroaches
  6 goblins
  5 hobgoblins
  4 jackals
  4 quokkas
  A ball python (D:2)
  9 bats
  5 frilled lizards
  A kobold (D:2)
  A leopard gecko skeleton (D:4)
  3 quokka zombies
  3 rats
125 creatures vanquished.

Notes
Turn   | Place    | Note
-------+----------+-------------------------------------------
     0 | D:1      | whitewolfNL the Minotaur Berserker began the quest for the
                  | Orb.
     0 | D:1      | Reached XP level 1. HP: 19/19 MP: 0/0
   192 | D:1      | Reached skill level 4 in Maces & Flails
   192 | D:1      | Reached XP level 2. HP: 23/27 MP: 1/1
   792 | D:2      | Reached XP level 3. HP: 33/33 MP: 2/2
   914 | D:2      | Found a glowing golden altar of the Shining One.
  1261 | D:2      | Reached ** piety under Trog
  1589 | D:3      | Reached skill level 5 in Maces & Flails
  1589 | D:3      | Reached skill level 1 in Stealth
  1589 | D:3      | Reached XP level 4. HP: 40/40 MP: 3/3
  1944 | D:3      | Reached XP level 5. HP: 29/46 MP: 4/4
  2477 | D:4      | Found a shattered altar of Ashenzari.
  2745 | D:4      | Found Ejim's Assorted Antiques.
  2843 | D:4      | Reached skill level 6 in Maces & Flails
  2843 | D:4      | Reached XP level 6. HP: 50/52 MP: 5/5
  2875 | D:4      | Bought a fuming orange potion for 15 gold pieces
  2875 | D:4      | Bought a glowing inky potion for 15 gold pieces
  2875 | D:4      | Bought a scroll labeled KOCISCH SANKY for 17 gold pieces
  2875 | D:4      | Bought a fizzy inky potion for 15 gold pieces
  2875 | D:4      | Bought a scroll of remove curse for 51 gold pieces
  2875 | D:4      | Bought a scroll labeled KOCISCH SANKY for 17 gold pieces
  3387 | D:5      | Entered Level 5 of the Dungeon
  3423 | D:5      | Reached skill level 1 in Evocations
  3428 | D:5      | Found a radiant altar of Vehumet.
  3435 | D:5      | Reached XP level 7. HP: 42/60 MP: 6/6
  3569 | D:5      | Reached *** piety under Trog
  3572 | D:5      | Found a glowing silver altar of Zin.
  3588 | D:5      | Found an opulent altar of Gozag.
  3591 | D:5      | Found an iron altar of Okawaru.
  3605 | D:5      | Found an ornate altar of the Wu Jian Council.
  4047 | D:5      | Reached skill level 7 in Maces & Flails
  4603 | D:6      | Reached skill level 5 in Armour
  4619 | D:6      | Reached XP level 8. HP: 67/67 MP: 8/8
  4715 | D:6      | Noticed Eustachio
  4737 | D:6      | Killed Eustachio
  4737 | D:6      | Reached skill level 8 in Maces & Flails
  4832 | D:6      | Found a staircase to the Ecumenical Temple.
  4843 | Temple   | Entered the Ecumenical Temple
  5209 | D:6      | Identified a scroll of acquirement
  5280 | D:6      | Reached skill level 5 in Fighting
  5455 | D:6      | Found a stormy altar of Qazlal.
  5702 | D:7      | Reached skill level 9 in Maces & Flails
  5802 | D:7      | Reached XP level 9. HP: 51/73 MP: 8/10
  5878 | D:7      | Found a runed door.
  5881 | D:7      | Noticed buskinjo's ghost (novice KoSu)
  5901 | D:7      | Killed buskinjo's ghost
  5901 | D:7      | Reached skill level 5 in Dodging
  5996 | D:7      | Found a white marble altar of Elyvilon.
  6033 | D:7      | Reached skill level 10 in Maces & Flails
  6105 | D:7      | Found Kuometz's Weapon Emporium.
  6288 | D:7      | You fall through a shaft for 2 floors!
  6324 | D:9      | Noticed Erica
  6671 | D:9      | HP: 3/74 [poisoned by Erica (bolt of poison)]
  6672 | D:9      | Slain by Erica

Skill      XL: |  1  2  3  4  5  6  7  8  9 |
---------------+----------------------------+-----
Maces & Flails | 4 5 6 7 9 10 | 10.0
Fighting       | 4 5 |  5.5
Armour         | 3 4 5 6 7 |  7.2
Stealth        | 1 2 3 |  3.6
Dodging        | 3 4 5 |  5.0
Evocations     | 1 2 3 |  3.0

Action                   |  1- 3 |  4- 6 |  7- 9 || total
-------------------------+-------+-------+-------++-------
Melee: Mace              |    70 |    80 |    61 ||   211
       Headbutt          |    10 |    16 |    46 ||    72
       Flail             |       |       |   162 ||   162
Invok: Berserk           |     1 |     3 |     7 ||    11
  Use: Scroll            |       |     4 |    14 ||    18
       Potion            |       |       |     5 ||     5
 Stab: Distracted        |       |       |     1 ||     1
  Eat: Chunk             |     2 |     7 |    11 ||    20
       Ration            |       |     1 |     2 ||     3
Armor: Animal skin       |     7 |       |       ||     7
       Scale mail        |    32 |    51 |     7 ||    90
       Chain mail        |       |       |    94 ||    94
Dodge: Dodged            |    51 |    59 |   107 ||   217
